AoeStats
← Acloudis

Highland

504661561Analyzed
2v2 RM · 27d ago on Sep 6, 2026· 16m 47s· 4 players
Game mode
Random Map
Map size
Medium (4 player)
Population
200
Speed
Normal
Resources
Standard
Victory
Conquest
Starting age
Dark Age
Ending age
Imperial Age
RankedLock teamsTeams togetherTeam positionsShared explorationLock speedFull tech treeHidden civsTurbo modeCheats
Victory
Defeat
🇨🇦 Romans · Canada
999
+13
🇨🇦 Celts · Canada
951
+15
🇺🇸 Mongols · United States
922
-14
🇺🇸 Franks · United States
922
-14
INandOutBandit
12:10 Feudal Age
16:05 Castle Age
14:05 Double-Bit Axe
14:02 Horse Collar
15:45 Stone Mining
17:13 Bow Saw
Xenomorph
8:13 Loom
10:23 Feudal Age
10:25 Man-at-Arms
10:55 Double-Bit Axe
12:00 Scale Mail Armor
13:34 Forging
14:23 Horse Collar
Hot Line Ming [No Mic No Sound]
10:43 Feudal Age
12:56 Man-at-Arms
15:38 Double-Bit Axe
16:48 Wheelbarrow
Acloudis
5:38 Loom
10:23 Feudal Age
10:59 Double-Bit Axe
13:59 Wheelbarrow
Connection lost

Rejoining the realm…

Still unreachable

The connection could not be restored.

Session expired

The server has moved on; the page needs a fresh start.